Workbook
Name ___sub1: #REF!
Name ___sub2: #REF!
Name ___sub3: #REF!
Name _sub1: #REF!
Name _sub2: #REF!
Name _sub3: #REF!
Name a: #REF!
Name AREA: #REF!
Name B: #REF!
Name BDI: #REF!
Name DOLAR: [1]INSUMOS!$G$8
Name ersdcefgbrnghrbgbrgfbgfwbvbfgvwfv: #REF!
Name Excel_BuiltIn_Print_Area_2: #REF!
Name Excel_BuiltIn_Print_Area_2_1: #REF!
Name Excel_BuiltIn_Print_Area_2_1_1: #REF!
Name Excel_BuiltIn_Print_Area_2_1_1_1: #REF!
Name Excel_BuiltIn_Print_Area_4: #REF!
Name leosde: #REF!
Name NCOMPOSICOES: 7
Name NCOTACOES: 15
Name obra: #REF!
Name obra1: #REF!
Name obra2: #REF!
Name obra3: #REF!
Name obra4: #REF!
Name obra5: #REF!
Name P.1: #REF!
Name P.10: #REF!
Name P.11: #REF!
Name P.12: #REF!
Name P.13: #REF!
Name P.14: #REF!
Name P.15: #REF!
Name P.2: #REF!
Name P.3: #REF!
Name P.4: #REF!
Name P.5: #REF!
Name P.6: #REF!
Name P.7: #REF!
Name P.8: #REF!
Name P.9: #REF!
Name Pedreiro_de_acabamento: [1]INSUMOS!$B$11
Name PP1.1: #REF!
Name PP1.10: #REF!
Name PP1.11: #REF!
Name PP1.12: #REF!
Name PP1.13: #REF!
Name PP1.14: #REF!
Name PP1.15: #REF!
Name PP1.2: #REF!
Name PP1.3: #REF!
Name PP1.4: #REF!
Name PP1.5: #REF!
Name PP1.6: #REF!
Name PP1.7: #REF!
Name PP1.8: #REF!
Name PP1.9: #REF!
Name T.1: #REF!
Name T.10: #REF!
Name T.11: #REF!

Sheet Planilha Orcamentária
A2: PLANILHA ORÇAMENTÁRIA DE CUSTOS
A3: PREFEITURA MUNICIPAL DE INHAPIM-MG | E3: FOLHA N º: | G3: 01/01.
A4: OBRA: PAVIMENTAÇÃO MORRO DO CLAUDIONOR | E4: DATA: | G4: 45868
A5: LOCAL: CÓRREGO DOS LOPES - INHAPIM/MG - CEP: 35330-000 | E5: FORMA DE EXECUÇÃO:
A6: REGIÃO/MÊS DE REFERÊNCIA: SINAPI 04/2025 - SEM DESONERAÇÃO - SICOR 04/2025 - | E6: ( ) | F6: DIRETA | G6: ( X ) | H6: INDIRETA
A7: COMPOSIÇÃO/DEMONSTRATIVO DE BDI - EM ANEXO | E7: % ISS MUNICIPAL: | F7: 0.05 | G7: BDI: | H7: =BDI!D28 -> 0.2443
A9: ITEM | B9: CÓDIGO | C9: DESCRIÇÃO | D9: UNIDADE | E9: QUANTIDADE | F9: PREÇO UNITÁRIO S/ BDI | G9: PREÇO UNITÁRIO C/ BDI | H9: PREÇO TOTAL
A10: 1 | C10: SERVIÇOS PRELIMINARES | H10: =H11 -> 1438.65
A11: 1.1 | B11: SINAPI-103689 | C11: FORNECIMENTO E COLOCAÇÃO DE PLACA DE OBRA EM CHAPA GALVANIZADA #26, ESP. 0,45MM, DIMENSÃO (3X1,5)M, PLOTADA COM ADESIVO VINÍLICO, AFIXADA COM REBITES 4,8X40MM, EM ESTRUTURA METÁLICA DE METALON 20X20MM, ESP. 1,25MM, INCLUSIVE SUPORTE EM EUCALIPTO AUTOCLAVADO PINTADO COM TINTA PVA DUAS (2) DEMÃOS | D11: M² | E11: 1 | F11: 1156.19 | G11: =ROUND(F11+(F11*$H$7),2) -> 1438.65 | H11: =E11*G11 -> 1438.65
A12: 2.0 | C12: REDE PLUVIAL | H12: =SUM(H13:H19) -> 9992.5745
A13: 2.1 | B13: SINAPI-90106 | C13: ESCAVAÇÃO MECANIZADA DE VALA COM PROFUNDIDADE ATÉ 1,5 M (MÉDIA MONTANTE E JUSANTE/UMA COMPOSIÇÃO POR TRECHO), RETROESCAV. (0,26 M3), LARGURA DE 0,8 M A 1,5 M, EM SOLO DE 1A CATEGORIA, LOCAIS COM BAIXO NÍVEL DE INTERFERÊNCIA. AF_02/2021 | D13: M3 | E13: ='Memória de Cálculo'!E11 -> 18.55 | F13: 7.62 | G13: =ROUND(F13+(F13*$H$7),2) -> 9.48 | H13: =E13*G13 -> 175.854
A14: 2.2 | B14: SINAPI-101616 | C14: PREPARO DE FUNDO DE VALA COM LARGURA MENOR QUE 1,5 M (ACERTO DO SOLO NATURAL). AF_08/2020 | D14: M2 | E14: ='Memória de Cálculo'!E12 -> 9.27 | F14: 6.26 | G14: =ROUND(F14+(F14*$H$7),2) -> 7.79 | H14: =E14*G14 -> 72.2133
A15: 2.3 | B15: SINAPI-94974 | C15: CONCRETO MAGRO PARA LASTRO, TRAÇO 1:4,5:4,5 (EM MASSA SECA DE CIMENTO/ AREIA MÉDIA/ BRITA 1) - PREPARO MANUAL. AF_05/2021 | D15: M3 | E15: ='Memória de Cálculo'!E13 -> 0.54 | F15: 482.01 | G15: =ROUND(F15+(F15*$H$7),2) -> 599.77 | H15: =E15*G15 -> 323.8758
A16: 2.4 | B16: SINAPI-92210 | C16: TUBO DE CONCRETO PARA REDES COLETORAS DE ÁGUAS PLUVIAIS, DIÂMETRO DE 400 MM, JUNTA RÍGIDA, INSTALADO EM LOCAL COM BAIXO NÍVEL DE INTERFERÊNCIAS - FORNECIMENTO E ASSENTAMENTO. AF_12/2015 | D16: M | E16: ='Memória de Cálculo'!E14 -> 15.46 | F16: 150.62 | G16: =ROUND(F16+(F16*$H$7),2) -> 187.42 | H16: =E16*G16 -> 2897.5132
A17: 2.5 | B17: SINAPI-93378 | C17: REATERRO MECANIZADO DE VALA COM RETROESCAVADEIRA (CAPACIDADE DA CAÇAMBA DA RETRO: 0,26 M³ / POTÊNCIA: 88 HP), LARGURA ATÉ 0,8 M, PROFUNDIDADE ATÉ 1,5 M, COM SOLO DE 1ª CATEGORIA EM LOCAIS COM BAIXO NÍVEL DE INTERFERÊNCIA. AF_04/2016 | D17: M3 | E17: ='Memória de Cálculo'!E15 -> 15.51 | F17: 24.77 | G17: =ROUND(F17+(F17*$H$7),2) -> 30.82 | H17: =E17*G17 -> 478.0182
A18: 2.6 | B18: COMPOSIÇÃO 002 | C18: BOCA DE LOBO SIMPLES (TIPO A - FERRO FUNDIDO), QUADRO E GRELHA, INCLUSIVE ESCAVAÇÃO, REATERRO E BOTA-FORA | D18: UNID | E18: ='Memória de Cálculo'!E16 -> 4 | F18: =[2]COMPOSIÇÃO!G11 -> 121.29719 | G18: =ROUND(F18+(F18*$H$7),2) -> 150.93 | H18: =E18*G18 -> 603.72
A19: 2.7 | B19: SINAPI-102738 | C19: BOCA PARA BUEIRO SIMPLES TUBULAR D = 60 CM EM CONCRETO, ALAS COM ESCONSIDA DE 0°, INCLUINDO FÔRMAS E MATERIAIS. AF_07/2021 | D19: UNID | E19: ='Memória de Cálculo'!E17 -> 2 | F19: 2186.52 | G19: =ROUND(F19+(F19*$H$7),2) -> 2720.69 | H19: =E19*G19 -> 5441.38
A20: 3.0 | C20: CALÇAMENTO DE VIA | G20: =ROUND(F20+(F20*$H$7),2) -> 0 | H20: =SUM(H21:H26) -> #VALUE!
A21: 3.1 | B21: ED-51124 | C21: REGULARIZAÇÃO E COMPACTAÇÃO MECÂNICA DE TERRENO COM ROLO VIBRATÓRIO, EXCLUSIVE DESMATAMENTO, DESTOCAMENTO, LIMPEZA/ROÇADA DO TERRENO | D21: M2 | E21: ='Memória de Cálculo'!E19 -> 1169.89 | F21: 2.87 | G21: =ROUND(F21+(F21*$H$7),2) -> 3.57 | H21: =ROUND((E21*G21),2) -> 4176.51
A22: 3.2 | B22: SINAPI-94273 | C22: ASSENTAMENTO DE GUIA (MEIO-FIO) EM TRECHO RETO, CONFECCIONADA EM CONCRETO PRÉ-FABRICADO, DIMENSÕES 100X15X13X30 CM (COMPRIMENTO X BASE INFERIOR X BASE SUPERIOR X ALTURA), PARA VIAS URBANAS (USO VIÁRIO). AF_06/2016 | D22: M | E22: ='Memória de Cálculo'!E20 -> 330.54 | F22: 64.36 | G22: =ROUND(F22+(F22*$H$7),2) -> 80.08 | H22: =ROUND((E22*G22),2) -> 26469.64
A23: 3.3 | B23: SINAPI-92394 | C23: EXECUÇÃO DE PAVIMENTO EM PISO INTERTRAVADO, COM BLOCO SEXTAVADO DE 25 X 25 CM, ESPESSURA 8 CM. AF_10/2022 | D23: M² | E23: ='Memória de Cálculo'!E21 -> 1019.99 | F23: 101.61 | G23: =ROUND(F23+(F23*$H$7),2) -> 126.43 | H23: =ROUND((E23*G23),2) -> 128957.34
A24: 3.4 | B24: SINAPI-94287 | C24: EXECUÇÃO DE SARJETA DE CONCRETO USINADO, MOLDADA IN LOCO EM TRECHO RETO, 30 CM BASE X 10 CM ALTURA. AF_06/2016 | D24: M | E24: ='Memória de Cálculo'!E22 -> 345 | F24: 35.36 | G24: =ROUND(F24+(F24*$H$7),2) -> 44 | H24: =ROUND((E24*G24),2) -> 15180
A25: 3.5 | B25: SINAPI-95429 | C25: TRANSPORTE COM CAMINHÃO BASCULANTE DE 18 M³, EM VIA URBANA EM REVESTIMENTO PRIMÁRIO. AF_07/2020 | D25: TXKM | E25: ='Memória de Cálculo'!E23 | F25: 1.37 | G25: =ROUND(F25+(F25*$H$7),2) -> 1.7 | H25: =ROUND((E25*G25),2) -> #VALUE!
A26: 3.6 | B26: COMPOSIÇÃO-001 | C26: VIGA EM CONCRETO ARMADO (1,0M) | D26: M | E26: 28.12 | F26: =COMPOSIÇÃO!G11 -> 121.29719 | G26: =ROUND(F26+(F26*$H$7),2) -> 150.93 | H26: =ROUND((E26*G26),2) -> 4244.15
C27: TOTAL | H27: =SUM(H10,H12,H20) -> #VALUE!
C30: ='Memória de Cálculo'!C27 -> Sebastião Barbosa Pinto Filho
C31: ='Memória de Cálculo'!C28 -> CREA/MG Nº: MG 249.547/D
C34: Prefeito Municipal de Inhapim-MG
C35: ='Memória de Cálculo'!C33 -> Sandro Adriano Oliveira Silva

Sheet COMPOSIÇÃO
A4: ='Planilha Orcamentária'!A4 -> OBRA: PAVIMENTAÇÃO MORRO DO CLAUDIONOR
A5: ='Planilha Orcamentária'!A5 -> LOCAL: CÓRREGO DOS LOPES - INHAPIM/MG - CEP: 35330-000
A6: MUNICIPIO: INHAPIM/MG - CEP: 35330-000
A7: DATA: | B7: 45868
A9: QUADRO DE COMPOSIÇÕES
A11: COMPOSIÇÃO | B11: 1 | C11: VIGA EM CONCRETO ARMADO (1,0M) | D11: M | F11: 0 | G11: =((G12*E12)+(G13*E13)+(G14*E14)+(G15*E15)+(G16*E16)) -> 121.29719
A12: SINAPI | B12: 94970 | C12: CONCRETO FCK = 20MPA, TRAÇO 1:2,7:3 (EM MASSA SECA DE CIMENTO/ AREIA MÉDIA/ BRITA 1) - PREPARO MECÂNICO COM BETONEIRA 600 L. AF_05/2021 | D12: M3 | E12: 0.063 | F12: 0 | G12: 532.08
A13: SINAPI | B13: 93358 | C13: ESCAVAÇÃO MANUAL DE VALA COM PROFUNDIDADE MENOR OU IGUAL A 1,30 M. AF_02/2021 | D13: M3 | E13: 0.063 | F13: 0 | G13: 89.55
A14: SINAPI | B14: 92802 | C14: CORTE E DOBRA DE AÇO CA-50, DIÂMETRO DE 8,0 MM. AF_06/2022 | D14: KG | E14: 2.212 | F14: 0 | G14: 9.45
A15: SINAPI | B15: 92800 | C15: CORTE E DOBRA DE AÇO CA-60, DIÂMETRO DE 5,0 MM. AF_06/2022 | D15: KG | E15: 1.078 | F15: 0 | G15: 9.65
A16: SINAPI | B16: 103796 | C16: FABRICAÇÃO, MONTAGEM E DESMONTAGEM DE FÔRMA PARA BACIA DE DISSIPAÇÃO, EM MADEIRA SERRADA, E = 25 MM, 2 UTILIZAÇÕES. AF_08/2022 | D16: M2 | E16: 0.84 | F16: 0 | G16: 60.51
A24: _________________________________
A25: Sebastião Barbosa Pinto Filho
A26: CREA/MG Nº: MG 249.547/D

Sheet Memória de Cálculo
A2: MEMÓRIA DE CÁLCULO DE QUANTITATIVOS
A3: PREFEITURA MUNICIPAL DE INHAPIM-MG
A4: ='Planilha Orcamentária'!A4 -> OBRA: PAVIMENTAÇÃO MORRO DO CLAUDIONOR | E4: FOLHA N º: | F4: 01/01.
A5: ='Planilha Orcamentária'!A5 -> LOCAL: CÓRREGO DOS LOPES - INHAPIM/MG - CEP: 35330-000 | E5: DATA: | F5: 45868
A7: ITEM | B7: CÓDIGO | C7: DESCRIÇÃO | D7: UNIDADE | E7: QUANTIDADE | F7: FÓRMULA DO CÁLCULO
A8: 1 | C8: ='Planilha Orcamentária'!C10 -> SERVIÇOS PRELIMINARES
A9: 1.1 | B9: ='Planilha Orcamentária'!B11 -> SINAPI-103689 | C9: ='Planilha Orcamentária'!C11 -> FORNECIMENTO E COLOCAÇÃO DE PLACA DE OBRA EM CHAPA GALVANIZADA #26, ESP. 0,45MM, DIMENSÃO (3X1,5)M, PLOTADA COM ADESIVO VINÍLICO, AFIXADA COM REBITES 4,8X40MM, EM ESTRUTURA METÁLICA DE METALON 20X20MM, ESP. 1,25MM, INCLUSIVE SUPORTE EM EUCALIPTO AUTOCLAVADO PINTADO COM TINTA PVA DUAS (2) DEMÃOS | D9: ='Planilha Orcamentária'!D11 -> M² | E9: ='Planilha Orcamentária'!E11 -> 1 | F9: placa de obra de acordo com as exisgências do CREA-MG
A10: 2.0 | C10: REDE PLUVIAL
A11: 2.1 | B11: SINAPI-90106 | C11: ESCAVAÇÃO MECANIZADA DE VALA COM PROFUNDIDADE ATÉ 1,5 M (MÉDIA MONTANTE E JUSANTE/UMA COMPOSIÇÃO POR TRECHO), RETROESCAV. (0,26 M3), LARGURA DE 0,8 M A 1,5 M, EM SOLO DE 1A CATEGORIA, LOCAIS COM BAIXO NÍVEL DE INTERFERÊNCIA. AF_02/2021 | D11: M3 | E11: 18.55 | F11: [(Comprimento da tubulação x (Ø externo do tubo + 0,30)] x Altura da escavação = (15,46x (0,50 + 0,30)1,5)= 18,55 m³
A12: 2.2 | B12: SINAPI-101616 | C12: PREPARO DE FUNDO DE VALA COM LARGURA MENOR QUE 1,5 M (ACERTO DO SOLO NATURAL). AF_08/2020 | D12: M2 | E12: 9.27 | F12: Largura de escavação x Comprimento de tubulação + Área da vala existente = (0,6 x15,46) = 8,4 m²
A13: 2.3 | B13: SINAPI-94974 | C13: CONCRETO MAGRO PARA LASTRO, TRAÇO 1:4,5:4,5 (EM MASSA SECA DE CIMENTO/ AREIA MÉDIA/ BRITA 1) - PREPARO MANUAL. AF_05/2021 | D13: M3 | E13: 0.54 | F13: (Ø int. do tubo x Comprimento da tubulação x Altura do lastro) = [(0,5 x 15,46 x 0,07) = 0,54 m³
A14: 2.4 | B14: SINAPI-92210 | C14: TUBO DE CONCRETO PARA REDES COLETORAS DE ÁGUAS PLUVIAIS, DIÂMETRO DE 400 MM, JUNTA RÍGIDA, INSTALADO EM LOCAL COM BAIXO NÍVEL DE INTERFERÊNCIAS - FORNECIMENTO E ASSENTAMENTO. AF_12/2015 | D14: M | E14: 15.46 | F14: Comprimeto dos trechos especificados no Projeto de drenagem = 15,46 m
A15: 2.5 | B15: SINAPI-93378 | C15: REATERRO MECANIZADO DE VALA COM RETROESCAVADEIRA (CAPACIDADE DA CAÇAMBA DA RETRO: 0,26 M³ / POTÊNCIA: 88 HP), LARGURA ATÉ 0,8 M, PROFUNDIDADE ATÉ 1,5 M, COM SOLO DE 1ª CATEGORIA EM LOCAIS COM BAIXO NÍVEL DE INTERFERÊNCIA. AF_04/2016 | D15: M3 | E15: 15.51 | F15: Volume de escavação - Volume da Tubulação + Reaterro de Vala Existente = 18,55 m³ - [(π x 0,5²/4 x15,46)] = 21,05m³
A16: 2.6 | B16: COMPOSIÇÃO 002 | C16: BOCA DE LOBO SIMPLES (TIPO A - FERRO FUNDIDO), QUADRO E GRELHA, INCLUSIVE ESCAVAÇÃO, REATERRO E BOTA-FORA | D16: UNID | E16: 4 | F16: Conforme projeto em AutoCad = 4 UND
A17: 2.7 | B17: SINAPI-102738 | C17: BOCA PARA BUEIRO SIMPLES TUBULAR D = 60 CM EM CONCRETO, ALAS COM ESCONSIDA DE 0°, INCLUINDO FÔRMAS E MATERIAIS. AF_07/2021 | D17: UNID | E17: 2 | F17: Conforme projeto em AutoCad = 4 UND
A18: 2.0 | C18: ='Planilha Orcamentária'!C20 -> CALÇAMENTO DE VIA
A19: ='Planilha Orcamentária'!A21 -> 3.1 | B19: ED-51124 | C19: REGULARIZAÇÃO E COMPACTAÇÃO MECÂNICA DE TERRENO COM ROLO VIBRATÓRIO, EXCLUSIVE DESMATAMENTO, DESTOCAMENTO, LIMPEZA/ROÇADA DO TERRENO | D19: M2 | E19: 1169.89 | F19: Somatória total de acordo com o projeto = 1.169,89 m
A20: ='Planilha Orcamentária'!A22 -> 3.2 | B20: ='Planilha Orcamentária'!B22 -> SINAPI-94273 | C20: ='Planilha Orcamentária'!C22 -> ASSENTAMENTO DE GUIA (MEIO-FIO) EM TRECHO RETO, CONFECCIONADA EM CONCRETO PRÉ-FABRICADO, DIMENSÕES 100X15X13X30 CM (COMPRIMENTO X BASE INFERIOR X BASE SUPERIOR X ALTURA), PARA VIAS URBANAS (USO VIÁRIO). AF_06/2016 | D20: ='Planilha Orcamentária'!D22 -> M | E20: 330.54 | F20: Somatória dos meios-fios (bordas) = 389,88 m
A21: ='Planilha Orcamentária'!A23 -> 3.3 | B21: ='Planilha Orcamentária'!B23 -> SINAPI-92394 | C21: ='Planilha Orcamentária'!C23 -> EXECUÇÃO DE PAVIMENTO EM PISO INTERTRAVADO, COM BLOCO SEXTAVADO DE 25 X 25 CM, ESPESSURA 8 CM. AF_10/2022 | D21: ='Planilha Orcamentária'!D23 -> M² | E21: 1019.99 | F21: Conforme projeto em AutoCad =1.115,47 m²
A22: ='Planilha Orcamentária'!A24 -> 3.4 | B22: ='Planilha Orcamentária'!B24 -> SINAPI-94287 | C22: ='Planilha Orcamentária'!C24 -> EXECUÇÃO DE SARJETA DE CONCRETO USINADO, MOLDADA IN LOCO EM TRECHO RETO, 30 CM BASE X 10 CM ALTURA. AF_06/2016 | D22: ='Planilha Orcamentária'!D24 -> M | E22: 345 | F22: Somatória total de acordo com o projeto = 384,14 m
A23: ='Planilha Orcamentária'!A25 -> 3.5 | B23: ='Planilha Orcamentária'!B25 -> SINAPI-95429 | C23: ='Planilha Orcamentária'!C25 -> TRANSPORTE COM CAMINHÃO BASCULANTE DE 18 M³, EM VIA URBANA EM REVESTIMENTO PRIMÁRIO. AF_07/2020 | D23: ='Planilha Orcamentária'!D25 -> TXKM | F23: Peso do bloquete = (Área do calçamento x espessura do bloquete x massa específica) 1000 x km; Peso do meio-fio = {[(B+b)/2xhxH] x massa específica}/1000 x km; [(1.115,47x0,08x2400)/1000]x13,9 = 2.976,96 TXKM
A24: ='Planilha Orcamentária'!A26 -> 3.6 | B24: ='Planilha Orcamentária'!B26 -> COMPOSIÇÃO-001 | C24: ='Planilha Orcamentária'!C26 -> VIGA EM CONCRETO ARMADO (1,0M) | D24: ='Planilha Orcamentária'!D26 -> M | E24: 42.28 | F24: Somatório das vigas de travamento = 42,28 m
C27: Sebastião Barbosa Pinto Filho
C28: CREA/MG Nº: MG 249.547/D
C32: Prefeito Municipal de Inhapim-MG
C33: Sandro Adriano Oliveira Silva

Sheet Cronograma
A2: CRONOGRAMA FÍSICO-FINANCEIRO
A3: ='Planilha Orcamentária'!A3 -> PREFEITURA MUNICIPAL DE INHAPIM-MG | C3: VALOR DO CONVÊNIO: | D3: =D14 -> #VALUE! | E3: DATA: | G3: 45868 | I3: FOLHA Nº:01/01
A4: ='Planilha Orcamentária'!A4 -> OBRA: PAVIMENTAÇÃO MORRO DO CLAUDIONOR | E4: PREVISÃO DE EXECUÇÃO DAS OBRAS: 3 MESES
A5: ='Planilha Orcamentária'!A5 -> LOCAL: CÓRREGO DOS LOPES - INHAPIM/MG - CEP: 35330-000
A6: ITENS | B6: ETAPAS/DESCRIÇÃO | C6: FÍSICO/ FINANCEIRO | D6: TOTAL ETAPAS | E6: MÊS 1 | G6: MÊS 2 | I6: MÊS 3 | K6: MÊS 4
A7: 1.0 | B7: ='Planilha Orcamentária'!C10 -> SERVIÇOS PRELIMINARES | C7: Físico % | D7: =D8/$D$14 -> #VALUE! | E7: 1
C8: Financeiro | D8: ='Planilha Orcamentária'!H10 -> 1438.65 | E8: =E7*$D$8 -> 1438.65
A9: 2.0 | B9: ='Planilha Orcamentária'!C12 -> REDE PLUVIAL | C9: Físico % | D9: =D10/$D$14 -> #VALUE! | E9: 1
C10: Financeiro | D10: ='Planilha Orcamentária'!H12 -> 9992.5745 | E10: =E9*$D$10 -> 9992.5745
A11: ='Planilha Orcamentária'!A20 -> 3.0 | B11: ='Planilha Orcamentária'!C20 -> CALÇAMENTO DE VIA | C11: Físico % | D11: =D12/$D$14 -> #VALUE! | E11: 0.6 | G11: 0.2 | I11: 0.2 | K11: 0
C12: Financeiro | D12: ='Planilha Orcamentária'!H20 -> #VALUE! | E12: =E11*$D$12 -> #VALUE! | G12: =G11*$D12 -> #VALUE! | I12: =I11*$D$12 -> #VALUE! | K12: =K11*$D$12 -> #VALUE!
A13: TOTAL | C13: Físico % | D13: =D11+D7 -> #VALUE! | E13: =E14/$D$14 -> #VALUE! | G13: =G14/$D$14 -> #VALUE! | I13: =I14/$D$14 -> #VALUE! | K13: =K14/$D$14 -> #VALUE!
C14: Financeiro | D14: =D8+D10+D12 -> #VALUE! | E14: =E8+E12 -> #VALUE! | G14: =G12 -> #VALUE! | I14: =I12 -> #VALUE! | K14: =K12 -> #VALUE!
I15: Observações:
B18: ='Memória de Cálculo'!C27 -> Sebastião Barbosa Pinto Filho | L18: =SUM(E13:J13) -> #VALUE!
B19: ='Memória de Cálculo'!C28 -> CREA/MG Nº: MG 249.547/D | L19: =SUM(E14:K14) -> #VALUE!
B22: ='Memória de Cálculo'!C32 -> Prefeito Municipal de Inhapim-MG
B23: ='Memória de Cálculo'!C33 -> Sandro Adriano Oliveira Silva

Sheet Memorial Descritivo
A2: MEMORIAL DESCRITIVO
A3: PREFEITURA MUNICIPAL DE INHAPIM-MG
A4: ='Planilha Orcamentária'!A4 -> OBRA: PAVIMENTAÇÃO MORRO DO CLAUDIONOR | E4: FOLHA N º: | F4: 01/01.
A5: ='Planilha Orcamentária'!A5 -> LOCAL: CÓRREGO DOS LOPES - INHAPIM/MG - CEP: 35330-000 | E5: DATA: | F5: 45868
A7: ITEM | B7: CÓDIGO | C7: DESCRIÇÃO | D7: DETALHAMENTO
A8: 1.0 | C8: ='Planilha Orcamentária'!C10 -> SERVIÇOS PRELIMINARES
A9: 1.1 | B9: ='Planilha Orcamentária'!B11 -> SINAPI-103689 | C9: ='Planilha Orcamentária'!C11 -> FORNECIMENTO E COLOCAÇÃO DE PLACA DE OBRA EM CHAPA GALVANIZADA #26, ESP. 0,45MM, DIMENSÃO (3X1,5)M, PLOTADA COM ADESIVO VINÍLICO, AFIXADA COM REBITES 4,8X40MM, EM ESTRUTURA METÁLICA DE METALON 20X20MM, ESP. 1,25MM, INCLUSIVE SUPORTE EM EUCALIPTO AUTOCLAVADO PINTADO COM TINTA PVA DUAS (2) DEMÃOS | D9: Para a execução da placa de obras a empresa ganhadora deverá atender a especificação do manual de placa de obra de acordo com a descrição e as especificações do CREA.
A10: 2.0 | C10: REDE PLUVIAL
A11: 2.1 | B11: SINAPI-90106 | C11: ESCAVAÇÃO MECANIZADA DE VALA COM PROFUNDIDADE ATÉ 1,5 M (MÉDIA MONTANTE E JUSANTE/UMA COMPOSIÇÃO POR TRECHO), RETROESCAV. (0,26 M3), LARGURA DE 0,8 M A 1,5 M, EM SOLO DE 1A CATEGORIA, LOCAIS COM BAIXO NÍVEL DE INTERFERÊNCIA. AF_02/2021 | D11: Será realizada a escavação mecanizada em profundidade até 1,5m de profundudade para ascentamento de manilha para execução de rede pluvial de 400mm
A12: 2.2 | B12: SINAPI-101616 | C12: PREPARO DE FUNDO DE VALA COM LARGURA MENOR QUE 1,5 M (ACERTO DO SOLO NATURAL). AF_08/2020 | D12: Será realizada o preparo do fundo de vala com intuito de regularizar a base onde serão instalados os tubos de concreto de 400mm
A13: 2.3 | B13: SINAPI-94974 | C13: CONCRETO MAGRO PARA LASTRO, TRAÇO 1:4,5:4,5 (EM MASSA SECA DE CIMENTO/ AREIA MÉDIA/ BRITA 1) - PREPARO MANUAL. AF_05/2021 | D13: Será realizada execução de um concreto magro no fundo da vala com a finalidade de fazer a regularização do mesmo a fim de garantir estabilidade dos tubos de concreto que serão instalados
A14: 2.4 | B14: SINAPI-92210 | C14: TUBO DE CONCRETO PARA REDES COLETORAS DE ÁGUAS PLUVIAIS, DIÂMETRO DE 400 MM, JUNTA RÍGIDA, INSTALADO EM LOCAL COM BAIXO NÍVEL DE INTERFERÊNCIAS - FORNECIMENTO E ASSENTAMENTO. AF_12/2015 | D14: Serão instalados tubos de concreto com diâmetro de 400mm com finalidade de escoamento das águas pluviais minimizando assim possiveis danos causdados pelas chuvas
A15: 2.5 | B15: SINAPI-93378 | C15: REATERRO MECANIZADO DE VALA COM RETROESCAVADEIRA (CAPACIDADE DA CAÇAMBA DA RETRO: 0,26 M³ / POTÊNCIA: 88 HP), LARGURA ATÉ 0,8 M, PROFUNDIDADE ATÉ 1,5 M, COM SOLO DE 1ª CATEGORIA EM LOCAIS COM BAIXO NÍVEL DE INTERFERÊNCIA. AF_04/2016 | D15: Será realizado o reaterro mecanizado logo após a instalação dos tubos, o reaterrro será feitoem camadas de 20 em 20cm até que o aterro atinja o nível desejado.
A16: 2.6 | B16: COMPOSIÇÃO 002 | C16: BOCA DE LOBO SIMPLES (TIPO A - FERRO FUNDIDO), QUADRO E GRELHA, INCLUSIVE ESCAVAÇÃO, REATERRO E BOTA-FORA | D16: Serão executados bocas de lobo com a finliades de encaminhas as águas pluviais até os condutores, logo em seguida serão instaladas grelhas de ferrro fundido.
A17: 2.7 | B17: SINAPI-102738 | C17: BOCA PARA BUEIRO SIMPLES TUBULAR D =40 CM EM CONCRETO, ALAS COM ESCONSIDA DE 0°, INCLUINDO FÔRMAS E MATERIAIS. AF_07/2021 | D17: Serão executados boca para bueiro simples no final das redes coletoras com o principio de diminuir a velocidade e a intensidade da água, que serão lançadas na borda exterior da calçamento.
A18: 3.0 | C18: ='Planilha Orcamentária'!C20 -> CALÇAMENTO DE VIA
A19: ='Planilha Orcamentária'!A21 -> 3.1 | B19: ED-51124 | C19: REGULARIZAÇÃO E COMPACTAÇÃO MECÂNICA DE TERRENO COM ROLO VIBRATÓRIO, EXCLUSIVE DESMATAMENTO, DESTOCAMENTO, LIMPEZA/ROÇADA DO TERRENO | D19: Será realizada a regularização do subleito para nivelamento do solo e posteriormente a compactação do solo usando rolo vibratório para melhor coesão do solo.
A20: ='Planilha Orcamentária'!A22 -> 3.2 | B20: ='Planilha Orcamentária'!B22 -> SINAPI-94273 | C20: ='Planilha Orcamentária'!C22 -> ASSENTAMENTO DE GUIA (MEIO-FIO) EM TRECHO RETO, CONFECCIONADA EM CONCRETO PRÉ-FABRICADO, DIMENSÕES 100X15X13X30 CM (COMPRIMENTO X BASE INFERIOR X BASE SUPERIOR X ALTURA), PARA VIAS URBANAS (USO VIÁRIO). AF_06/2016 | D20: Serão locadas conforme projeto. Será realizada uma abertura de uma pequena vala de 15 cm de largura e profundidade, na qual, posteriormente serão posicionadas as guias, seguindo o alinhamento e nivelamento de projeto.
A21: ='Planilha Orcamentária'!A23 -> 3.3 | B21: ='Planilha Orcamentária'!B23 -> SINAPI-92394 | C21: ='Planilha Orcamentária'!C23 -> EXECUÇÃO DE PAVIMENTO EM PISO INTERTRAVADO, COM BLOCO SEXTAVADO DE 25 X 25 CM, ESPESSURA 8 CM. AF_10/2022 | D21: Sobre o leito da rua preparado, serão assentados os blocos de concreto sobre colchão de areia com espessura não inferior a 06cm. Após o assentamento serão rejuntados com pó de pedra ou areia e compactados com placa vibratória.
A22: ='Planilha Orcamentária'!A24 -> 3.4 | B22: ='Planilha Orcamentária'!B24 -> SINAPI-94287 | C22: ='Planilha Orcamentária'!C24 -> EXECUÇÃO DE SARJETA DE CONCRETO USINADO, MOLDADA IN LOCO EM TRECHO RETO, 30 CM BASE X 10 CM ALTURA. AF_06/2016 | D22: Serão construídas em concreto usinado e bombeado C= 20Mpa , medindo 20cm de largura e espessura de 10 cm, sobre o subleito já previamente preparado, respeitando a declividade do pavimento (i > ou = 3%), para o perfeito escoamento das águas.
A23: ='Planilha Orcamentária'!A25 -> 3.5 | B23: ='Planilha Orcamentária'!B25 -> SINAPI-95429 | C23: ='Planilha Orcamentária'!C25 -> TRANSPORTE COM CAMINHÃO BASCULANTE DE 18 M³, EM VIA URBANA EM REVESTIMENTO PRIMÁRIO. AF_07/2020 | D23: Este ítem compete ao transporte de bloquetes e meios-fios até o local da obra tendo em vista que o mesmo é distante de qualquer fábrica de pré moldado. Foi feita uma relação entre o peso dos materiais e a distância média até a fábrica mais próxima.
A24: ='Planilha Orcamentária'!A26 -> 3.6 | B24: ='Planilha Orcamentária'!B26 -> COMPOSIÇÃO-001 | C24: ='Planilha Orcamentária'!C26 -> VIGA EM CONCRETO ARMADO (1,0M) | D24: Será realizado todo o processo de escavação, armação das ferragens, montagem e desmontagem das formas e concretagem de acordo com as normas da NBR-6118.Irão abrir valas de 30 cm de profundidade e 15 de largura com o comprimento de meio-fio a meio-fio. Forma em tábuas de madeira para concreto armado, reaproveitamento 2x, incluso montagem e desmontagem. As formas deverão ser executadas em tábuas de madeira serrada de boa qualidade . As amarrações que atravessam as formas deverão ser feitas com espaçamento regular. A armadura não poderá ficar em contato direto com a fôrma, obedecendo-se para isso a distância mínima prevista na NBR-6118 e no projeto estrutural. Deverão ser empregados afastadores de armadura dos tipos "clips" plásticos ou pastilhas de argamassa.
C27: Nome do(a) Responsável Técnico(a)
C28: ='Planilha Orcamentária'!C30 -> Sebastião Barbosa Pinto Filho
C29: ='Planilha Orcamentária'!C31 -> CREA/MG Nº: MG 249.547/D
C34: Nome do(a) Prefeito(a) Municipal
C35: Márcio Elias de Lima e Santos

Sheet BDI
A4: ='Planilha Orcamentária'!A4 -> OBRA: PAVIMENTAÇÃO MORRO DO CLAUDIONOR
A5: ='Planilha Orcamentária'!A5 -> LOCAL: CÓRREGO DOS LOPES - INHAPIM/MG - CEP: 35330-000
A6: MUNICIPIO: INHAPIM/MG - CEP: 35330-000
A7: DATA: | B7: 45868
B9: DETALHAMENTO DE BDI
B11: ITEM COMPONENTE DO BDI | D11: %
B12: Administração Central | C12: AC | D12: 4.67 | H12: 0.038
B13: Seguro e Garantia | C13: SG | D13: 1.71 | H13: 0.0032
B14: Risco | C14: R | D14: 0.97 | H14: 0.005
B15: Despesas Financeiras | C15: DF | D15: 1 | H15: 0.0102
B16: Lucro | C16: L | D16: 7.53 | H16: 0.0664
B17: Tibutos ( Impostos COFINS, 3% E PIS 0,65) | C17: CP | D17: 7.15 | H17: 0.0365
B18: Tributos (ISS, variável de acordo com o município) | C18: ISS | D18: 3.5 | H18: 0.025
B19: Tributos (Contribuição Previdenciária - 0% ou 4,5%, conforme Lei 12.844/2013 - Desoneração) | C19: CPRB | D19: 0 | H19: 0
A23: BDI = [((1+AC + DF+RE+GA)*(1+DF)*(1+L)) /(1-CP-ISS-CPRB)]-1
C25: BDI= | D25: 0.20090303
C28: BDI = | D28: 0.2443
A39: ___________________________ Sebastião Barbosa Pinto Filho Engenheiro Civil Crea-MG 249.547/D
